 Dungeon Crawl Stone Soup version 0.26.1-11-gd32895ea62 (webtiles) character file.

Game seed: 8073606509376871834

10735 vvl the Artisan of Death (level 11, -11/92 HPs)
             Began as a Grey Draconian Transmuter on July 7, 2021.
             Was a Priest of Kikubaaqudgha.
             Mangled by a flayed ghost (23 damage)
             ... on level 10 of the Dungeon.
             The game lasted 00:51:22 (16837 turns).

vvl the Artisan of Death (DrTm)                    Turns: 16837, Time: 00:51:23

Health: -11/92     AC: 20    Str: 16    XL:     11   Next: 40%
Magic:  15/15      EV: 18    Int: 13    God:    Kikubaaqudgha [***...]
Gold:   577        SH: 10    Dex: 12    Spells: 3/16 levels left

rFire    + . .     SeeInvis .   J - +8 lance "Wyrmbane" {slay drac, rPois rF+ rC+ AC+3}
rCold    + . .     Faith    .   j - +0 buckler
rNeg     . . .     Spirit   .   (armour unavailable)
rPois    +         Reflect  +   (helmet restricted)
rElec    .         Harm     .   D - +1 cloak
rCorr    .         Rampage  .   n - +0 pair of gloves
Will     .....                  t - +1 pair of boots
Stlth    ++........             z - amulet of reflection
HPRegen  0.25/turn              d - ring of stealth
MPRegen  0.14/turn              y - +4 ring of evasion

@: flayed
A: walk through water, unfitting armour, unbreathing, cold-blooded, AC +12
a: Renounce Religion, Receive Corpses


You were on level 10 of the Dungeon.
You worshipped Kikubaaqudgha.
Kikubaaqudgha was most pleased with you.
You visited 2 branches of the dungeon, and saw 11 of its levels.

You collected 577 gold pieces.

Inventory:

Hand Weapons
 i - a +3 whip
 v - a +0 vorpal falchion
 J - the +8 lance "Wyrmbane" (weapon) {slay drac, rPois rF+ rC+ AC+3}
   (You found it on level 9 of the Dungeon)

   It affects your AC (+3).
   It protects you from fire.
   It protects you from cold.
   It protects you from poison.
Missiles
 A - 2 boomerangs of dispersal
Armour
 j - a +0 buckler (worn)
 n - a +0 pair of gloves (worn)
 t - a +1 pair of boots (worn)
 D - a +1 cloak (worn)
 L - a +0 tower shield
Magical Staves
 a - an uncursed staff of death
Jewellery
 d - a ring of stealth (left hand)
 y - a +4 ring of evasion (right hand)
 z - an amulet of reflection (around neck)
Wands
 u - a wand of flame (12)
 x - a wand of disintegration (5)
 K - a wand of paralysis (13)
Scrolls
 c - 9 scrolls of teleportation
 f - 2 scrolls of remove curse
 g - 3 scrolls of enchant weapon
 l - 4 scrolls of magic mapping
 p - 2 scrolls of amnesia
 r - 4 scrolls of fear
 s - 2 scrolls of enchant armour
 B - a scroll of fog {unknown}
 E - a scroll of random uselessness {unknown}
 H - a scroll of blinking {unknown}
 M - a scroll of noise {unknown}
Potions
 b - 8 potions of curing
 e - 4 potions of brilliance
 h - a potion of cancellation {unknown}
 k - 3 potions of attraction
 m - a potion of might {unknown}
 o - a potion of flight {unknown}
 q - 4 potions of heal wounds
 w - a potion of resistance {unknown}
 C - a potion of ambrosia {unknown}
 F - a potion of haste {unknown}
 G - a potion of lignification {unknown}
 I - a potion of degeneration {unknown}
 N - a potion of mutation {unknown}


   Skills:
 * Level 7.1 Fighting
 - Level 5.3(6.0) Maces & Flails
 * Level 2.6(3.7) Polearms
 - Level 4.1(5.7) Staves
 - Level 5.0 Dodging
 - Level 5.0 Shields
 + Level 7.0 Unarmed Combat
 * Level 3.0 Spellcasting
 + Level 7.6 Necromancy
 + Level 1.4 Translocations
 + Level 6.5 Transmutations
 + Level 6.3 Earth Magic


You had 3 spell levels left.
You knew the following spells:

 Your Spells              Type           Power        Failure   Level
a - Beastly Appendage     Tmut           36%          1%          1
b - Animate Skeleton      Necr           42%          1%          1
c - Blade Hands           Tmut           9%           41%         5
d - Dispel Undead         Necr           21%          10%         4
e - Blink                 Tloc           N/A          21%         2

Your spell library contained the following spells:

 Spells                   Type           Power        Failure   Level
 Pain                     Necr           84%          1%          1
 Sublimation of Blood     Necr           10%          1%          2
 Wereblood                Tmut           18%          2%          2
 Vampiric Draining        Necr           10%          3%          3
 Spider Form              Tmut/Pois      5%           19%         3
 Corona                   Hex            1%           22%         1
 Magic Dart               Conj           4%           22%         1
 Call Imp                 Summ           1%           34%         2
 Ensorcelled Hibernation  Hex/Ice        2%           34%         2
 Slow                     Hex            1%           34%         2
 Confusing Touch          Hex            1%           56%         3
 Conjure Flame            Conj/Fire      1%           56%         3
 Dazzling Flash           Conj/Hex       2%           56%         3
 Mephitic Cloud           Conj/Pois/Air  1%           56%         3
 Tukima's Dance           Hex            1%           56%         3
 Excruciating Wounds      Necr           10%          26%         5
 Borgnjor's Vile Clutch   Necr/Erth      10%          34%         5
 Ice Form                 Ice/Tmut       10%          52%         4
 Death Channel            Necr           10%          83%         6
 Simulacrum               Ice/Necr       5%           100%        6


Dungeon Overview and Level Annotations

Branches:
Dungeon (10/15)            Temple (1/1) D:5            Lair (0/6) D:8
    Orc (0/2) D:10

Altars:
Ashenzari
Cheibriados
Dithmenos
Elyvilon
Fedhas
Gozag
Hepliaklqana
Kikubaaqudgha
Makhleb
Nemelex Xobeh
Okawaru
Qazlal
Ru
Sif Muna
Trog
Uskayaw
Vehumet
Wu Jian
Xom
Yredelemnul
Zin
The Shining One


Innate Abilities, Weirdness & Mutations

You can walk through water.
Your dull iron-grey scales are very hard. (AC +12)
You cannot fit into any form of body armour.
You can survive without breathing.
You are cold-blooded and may be slowed by cold attacks.


Message History

The flayed ghost cries, "Suffer as I suffered!"
Terrible wounds spread across more of your body!
You are too injured to fight recklessly!
You are too injured to fight recklessly!
You are too injured to fight recklessly!
You are too injured to fight recklessly!
You are too injured to fight recklessly!
You are too injured to fight recklessly!
You are too injured to fight recklessly!
You are too injured to fight recklessly!
You are too injured to fight recklessly!
You closely miss the flayed ghost.
The flayed ghost is almost destroyed.
The flayed ghost hits you!!
* * * LOW HITPOINT WARNING * * *
You barely miss the flayed ghost. You tail-slap the flayed ghost.
The flayed ghost is almost destroyed.
The flayed ghost hits you!!
You die...
Kikubaaqudgha rasps: "You have failed me!
Welcome... death!"

#......####.#
#...........#
#.###########
#.# #.# #.#
.#
##'########.#
.#
#.........#.#
##
#.....W@(.#
.#
####....###
.# ###### .#
.# .# ##


You could see a flayed ghost.

Vanquished Creatures
  Erica (D:8)
  A tengu warrior (D:10)
  2 two-headed ogres
  A cyclops (D:10)
  Joseph (D:8)
  A troll (D:10)
  A hornet (D:8)
  3 shadows (D:10)
  5 yaks (D:10)
  Grum (D:8)
  Duvessa (D:5)
  3 ice beasts
  3 orc warriors
  2 black bears
  2 sky beasts
  4 centaurs
  4 wolves
  6 ogres
  3 phantoms
  3 big kobolds
  2 bullfrogs
  A wyvern zombie (D:8)
  Dowan (D:5)
  A scorpion (D:9)
  2 water moccasin zombies
  A troll zombie (D:10)
  13 killer bees
  8 wights (D:8)
  8 howler monkeys
  2 bullfrog zombies
  2 bullfrog skeletons
  2 hounds
  8 orc wizards
  5 orc priests
  2 jellies
  5 iguanas
  3 iron imps (D:4)
  Natasha (thrice) (D:2)
  5 worker ants
  5 ogre zombies (D:10)
  A hound skeleton (D:8)
  2 hound zombies (D:10)
  A mummy (D:4)
  2 howler monkey skeletons (D:4)
  9 gnolls
  6 adders
  3 white imps
  An ufetubus (D:7)
  2 oozes
  An adder zombie (D:6)
  2 adder skeletons
  A worm (D:4)
  3 dart slugs
  4 leopard geckos
  21 orcs
  A ball python (D:2)
  5 bats
  11 giant cockroaches
  4 goblins
  8 hobgoblins
  20 jackals
  17 kobolds
  6 quokkas
  11 frilled lizards
  A goblin skeleton (D:10)
  5 goblin zombies (D:10)
  A hobgoblin skeleton (D:10)
  2 hobgoblin zombies (D:10)
  2 kobold zombies (D:4)
  A leopard gecko skeleton (D:6)
  12 orc zombies
  A quokka skeleton (D:6)
  5 rats
299 creatures vanquished.

Vanquished Creatures (others)
  An orc wizard (D:8)
1 creature vanquished.

Grand Total: 300 creatures vanquished

Notes
Turn   | Place    | Note
-------+----------+-------------------------------------------
     0 | D:1      | vvl the Draconian Transmuter began the quest for the Orb.
     0 | D:1      | Reached XP level 1. HP: 16/16 MP: 3/3
   382 | D:1      | Reached XP level 2. HP: 23/23 MP: 3/5
   526 | D:1      | Reached skill level 1 in Necromancy
   837 | D:1      | Reached XP level 3. HP: 27/29 MP: 6/6
  1605 | D:2      | Noticed Natasha
  1616 | D:2      | Killed Natasha
  1617 | D:2      | Reached XP level 4. HP: 30/36 MP: 5/7
  1929 | D:2      | Noticed Natasha
  1941 | D:2      | Killed Natasha
  1942 | D:2      | Reached skill level 1 in Shields
  2370 | D:2      | Reached skill level 1 in Maces & Flails
  2370 | D:2      | Reached XP level 5. HP: 39/42 MP: 6/8
  2674 | D:2      | Noticed Natasha
  2685 | D:2      | Killed Natasha
  2987 | D:3      | Found an opulent altar of Gozag.
  3308 | D:3      | Reached XP level 6. HP: 48/50 MP: 9/9
  3876 | D:4      | Your scales start taking on a dull iron-grey colour.
  3876 | D:4      | Reached XP level 7. HP: 19/57 MP: 10/10
  3876 | D:4      | Gained mutation: You can survive without breathing. [Grey
                  | Draconian growth]
  4716 | D:4      | Found a burning altar of Makhleb.
  4730 | D:4      | Reached skill level 1 in Earth Magic
  4790 | D:4      | Found a hide-covered altar of Uskayaw.
  4806 | D:5      | Entered Level 5 of the Dungeon
  4876 | D:5      | Found a basalt altar of Yredelemnul.
  5304 | D:5      | Found a staircase to the Ecumenical Temple.
  5312 | D:5      | Noticed Dowan
  5316 | D:5      | Noticed Duvessa
  5319 | Temple   | Entered the Ecumenical Temple
  5333 | Temple   | Reached XP level 8. HP: 43/66 MP: 11/11
  5496 | Temple   | Became a worshipper of Kikubaaqudgha
  5557 | D:5      | Killed Duvessa
  5569 | D:5      | Killed Dowan
  6639 | D:6      | Found a white marble altar of Elyvilon.
  7203 | D:6      | Found a radiant altar of Vehumet.
  7206 | D:6      | Found a shimmering altar of Xom.
  7264 | D:6      | Reached skill level 1 in Staves
  7264 | D:6      | Reached skill level 5 in Unarmed Combat
  7928 | D:6      | HP: 1/67 [orc warrior/+0 short sword (15)]
  8478 | D:7      | Reached XP level 9. HP: 72/72 MP: 12/12
  8563 | D:7      | Reached * piety under Kikubaaqudgha
  8563 | D:7      | Identified Kikubaaqudgha's Grimoire of Unholy Secrets
                  | (Kikubaaqudgha gifted it to you on level 7 of the Dungeon)
  8563 | D:7      | Received a gift from Kikubaaqudgha
  8670 | D:7      | Reached skill level 5 in Necromancy
  9063 | D:7      | Found a shimmering blue altar of Sif Muna.
  9337 | D:8      | Noticed Erica
  9340 | D:8      | Reached skill level 5 in Transmutations
  9341 | D:8      | Reached skill level 5 in Fighting
 10621 | D:8      | Found a hazy altar of Hepliaklqana.
 10649 | D:8      | Noticed Joseph
 10685 | D:8      | Killed Erica
 10686 | D:8      | Reached XP level 10. HP: 45/81 MP: 11/13
 11110 | D:8      | Killed Joseph
 11224 | D:8      | Noticed Grum
 11660 | D:8      | Reached skill level 5 in Earth Magic
 11675 | D:8      | Killed Grum
 11793 | D:8      | Reached skill level 5 in Shields
 11890 | D:8      | Reached ** piety under Kikubaaqudgha
 11895 | D:8      | Found a hazy altar of Hepliaklqana.
 11918 | D:8      | Found a staircase to the Lair.
 12062 | D:8      | Noticed a death knight
 12082 | D:8      | Noticed a two-headed ogre
 12104 | D:8      | Killed a two-headed ogre
 12105 | D:8      | Reached skill level 5 in Maces & Flails
 13002 | D:7      | Learned a level 1 spell: Animate Skeleton
 13008 | D:7      | Learned a level 5 spell: Blade Hands
 14274 | D:8      | Reached skill level 5 in Dodging
 14511 | D:9      | Noticed a two-headed ogre
 14552 | D:9      | Killed a two-headed ogre
 15295 | D:9      | Found an iron altar of Okawaru.
 15296 | D:9      | Found the +8 lance "Wyrmbane" {slay drac, rPois rF+ rC+
                  | AC+3}
 15445 | D:9      | Found an ornate altar of the Wu Jian Council.
 15561 | D:10     | Entered Level 10 of the Dungeon
 15686 | D:10     | Reached XP level 11. HP: 91/91 MP: 14/14
 15728 | D:10     | Reached *** piety under Kikubaaqudgha
 15728 | D:10     | Identified Kikubaaqudgha's Reference Book on Sinister Magic
                  | (Kikubaaqudgha gifted it to you on level 10 of the Dungeon)
 15728 | D:10     | Received a gift from Kikubaaqudgha
 15729 | D:10     | Reached skill level 1 in Polearms
 15793 | D:10     | Found a staircase to the Orcish Mines.
 15895 | D:10     | Learned a level 4 spell: Dispel Undead
 15898 | D:10     | Learned a level 2 spell: Blink
 16388 | D:10     | Found a shadowy altar of Dithmenos.
 16453 | D:10     | Noticed a tengu warrior
 16492 | D:10     | Killed a tengu warrior
 16493 | D:10     | Reached skill level 1 in Translocations
 16823 | D:10     | Noticed a flayed ghost
 16837 | D:10     | Mangled by a flayed ghost

Illustrated notes

Levels and vault maps discovered:
D:1:      amcnicky_arrival_feature_with_door, layout_loops_corners
D:2:      layout_basic, uniq_natasha
D:3:      layout_rooms, old_standard_altar, kennysheep_nub
D:4:      minmay_skewed_foursquare, layout_basic, kennysheep_little_box,
          demons_altar, kennysheep_crisscross, minmay_mini_ossuary
D:5:      layout_basic, minmay_temple_entry_statues_pillars, basic_altar,
          dk_noncrumbling_4, grunt_ministairs_12, uniq_duvessa
D:6:      layout_gridville, nicolae_overflow_hidden_temple, elyvilon_altar_1
D:7:      layout_cave_pods, led_sif_pool, minmay_misc_feat_tiny
D:8:      wad_arrow_thing, layout_rooms, lemuel_crystal_altar, lair_entry_dummy,
          basic_altar, uniq_grum, uniq_joseph, uniq_erica
D:9:      layout_basic, nzn_wu_jian_contemplation, okawaru_ov_weapons_minmay
D:10:     minmay_sliced_demisemicircle, layout_loops_cross, zombieorc1_lemuel,
          grunt_dithmenos_smoke
Temple:   cyrus_circular_temple

Skill      XL: |  1  2  3  4  5  6  7  8  9 10 11 |
---------------+----------------------------------+-----
Necromancy     | 1 2 3 4 6 7 |  7.6
Fighting       | 2 3 4 5 6 7 |  7.1
Dodging        | 2 3 4 5 |  5.0
Shields        | 1 2 3 4 5 |  5.0
Transmutations | 3 4 5 6 |  6.5
Maces & Flails | 1 2 3 4 5 |  5.3
Unarmed Combat | 4 5 6 7 |  7.0
Earth Magic    | 1 3 4 5 6 |  6.3
Staves         | 1 3 4 |  4.1
Polearms       | 2 |  2.6
Translocations | 1 |  1.4
Spellcasting   | 3 |  3.0

Action                   |  1- 3 |  4- 6 |  7- 9 | 10-12 || total
-------------------------+-------+-------+-------+-------++-------
Melee: Unarmed           |    39 |       |    26 |    37 ||   102
       Headbutt          |     8 |    14 |    65 |    42 ||   129
       Kick              |    11 |    23 |    72 |    60 ||   166
       Tailslap          |     6 |    17 |    96 |    96 ||   215
       Punch             |     1 |       |       |       ||     1
       Whip              |    75 |   147 |   165 |   279 ||   666
       Staff             |       |       |   447 |   129 ||   576
       Falchion          |       |       |    14 |       ||    14
       Lance             |       |       |       |   288 ||   288
 Cast: Beastly Appendage |    16 |    18 |    41 |    17 ||    92
       Blade Hands       |       |       |       |     5 ||     5
       Animate Skeleton  |       |       |       |     1 ||     1
Evoke: Wand              |       |     1 |    17 |     7 ||    25
  Use: Scroll            |       |       |    12 |     1 ||    13
       Potion            |       |       |     6 |       ||     6
 Stab: Sleeping          |     3 |     3 |     3 |     3 ||    12
       Distracted        |       |       |       |     1 ||     1
       Paralysed         |       |       |       |     7 ||     7
Armor: Skin              |    37 |    36 |   183 |   169 ||   425
Dodge: Dodged            |    70 |    80 |   527 |   468 ||  1145
Block: Buckler           |    11 |    20 |   267 |   332 ||   630
       Other             |       |       |       |     8 ||     8
       Reflection        |       |       |       |     6 ||     6
       Rpst.: Falchion   |       |       |     2 |       ||     2
